[Event "Late Titled Tuesday Blitz February 8 2022"]
[White "Vargas Pereda, Jesus Manue"]
[Black "Di Nicolantonio, Lucas"]
[WhiteFideId "5115710"]
[BlackFideId "680460"]
[WhiteElo "1748"]
[BlackElo "2381"]
[Result "0-1"]
[Round "01"]
[TimeControl "180+1"]
[Date "2022.02.09"]
[WhiteClock "0:00:21"]
[BlackClock "0:00:03"]

1. d4 d5 2. Nf3 Nf6 3. Bf4 e6 4. e3 Bd6 5. Nbd2 O-O 6. Bd3 b6 7. O-O Bb7 8. Ne5 Nbd7 9. Qf3 Qe7 10. Qh3 h6 11. Ndf3 Ne4 12. Rad1 Rfd8 13. Nxd7 Qxd7 14. Ne5 Qe7 15. f3 Ng5 16. Bxg5 Qxg5 17. f4 Qf6 18. Rf3 c5 19. c3 a5 20. f5 Bxe5 21. fxe6 Qxe6 22. Bf5 Qe7 23. dxe5 Qxe5 24. Rdf1 d4 25. e4 dxc3 26. bxc3 Rd2 27. Qh5 Qe7 28. Bg4 Rf8 29. Bf5 Bxe4 30. Bxe4 Qxe4 31. Rxf7 Qxg2# 0-1


[Site "https://www.chess.com"]

[Event "Late Titled Tuesday Blitz February 8 2022"]
[White "Vovk, Orest"]
[Black "Tari, Aryan"]
[WhiteFideId "14113490"]
[BlackFideId "1510045"]
[WhiteElo "2203"]
[BlackElo "2567"]
[Result "0-1"]
[Round "01"]
[TimeControl "180+1"]
[Date "2022.02.08"]
[WhiteClock "0:00:08"]
[BlackClock "0:01:46"]

1. h4 e5 2. h5 d5 3. h6 Nxh6 4. d4 e4 5. Bxh6 gxh6 6. e3 c5 7. Ne2 Nc6 8. Nbc3 Bg4 9. dxc5 Bxc5 10. Qxd5 Qxd5 11. Nxd5 O-O-O 12. O-O-O Rd6 13. Ndc3 Rxd1+ 14. Kxd1 f5 15. Rxh6 Bf8 16. Rh1 Bg7 17. Kc1 h5 18. Nd5 Rd8 19. Nef4 Be5 20. a3 a6 21. g3 Bf3 22. Rg1 Bxf4 23. gxf4 Rxd5 24. Bh3 Bg4 25. Bxg4 fxg4 26. Rd1 Rxd1+ 27. Kxd1 h4 28. Ke2 Ne7 29. Kf1 Nf5 30. Kg2 g3 31. fxg3 hxg3 32. Kh3 Kd7 33. b3 Kc6 34. c3 Kc5 35. Kg2 a5 36. Kh3 b5 37. Kg2 a4 0-1


[Site "https://www.chess.com"]

[Event "Late Titled Tuesday Blitz February 8 2022"]
[White "Wachinger, Guenther"]
[Black "Pichot, Alan"]
[WhiteFideId "4604261"]
[BlackFideId "110973"]
[WhiteElo "2212"]
[BlackElo "2543"]
[Result "0-1"]
[Round "01"]
[TimeControl "180+1"]
[Date "2022.02.08"]
[WhiteClock "0:00:53"]
[BlackClock "0:01:35"]

1. e4 c5 2. Nf3 d6 3. d4 cxd4 4. Nxd4 Nf6 5. Nc3 a6 6. Qf3 e6 7. g4 Nc6 8. Nxc6 bxc6 9. g5 Nd7 10. Be3 Rb8 11. O-O-O Be7 12. Rg1 Qa5 13. Qh3 Qb4 14. g6 fxg6 15. Rxg6 hxg6 16. Qxh8+ Kf7 17. Bh3 Ne5 18. Rd4 Qxb2+ 19. Kd2 Nf3+ 20. Kd1 Qxc3 0-1


[Site "https://www.chess.com"]

[Event "Late Titled Tuesday Blitz February 8 2022"]
[White "Weetik, Vjacheslav"]
[Black "Kraus, Tomas"]
[WhiteFideId "4153472"]
[BlackFideId "331708"]
[WhiteElo "2469"]
[BlackElo "2389"]
[Result "1-0"]
[Round "01"]
[TimeControl "180+1"]
[Date "2022.02.09"]
[WhiteClock "0:00:11"]
[BlackClock "0:00:01"]

1. d4 d5 2. Bf4 e6 3. e3 Bd6 4. Nd2 Nf6 5. c3 O-O 6. Ngf3 b6 7. Bg3 Bb7 8. Bd3 Ne4 9. Bh4 Be7 10. Bxe7 Qxe7 11. Qe2 Nd7 12. O-O f5 13. Ba6 Bxa6 14. Qxa6 c5 15. a4 c4 16. a5 Nb8 17. Qb5 Nd6 18. Qa4 b5 19. Qa3 Nc6 20. Ne1 b4 21. cxb4 Nb5 22. Qa4 Qxb4 23. Nc2 Qxa4 24. Rxa4 Rab8 25. a6 Rb6 26. b3 c3 27. Nb1 Rc8 28. Rc1 e5 29. dxe5 Nxe5 30. Rd1 Rd6 31. h3 g6 32. Ra5 Rb8 33. Kh2 Nc6 34. Ra4 Kf7 35. f4 Rbd8 36. Rd3 d4 37. exd4 Ncxd4 38. Nxd4 Rxd4 39. Raxd4 Rxd4 40. Rxd4 Nxd4 41. Nxc3 Nxb3 42. Nb5 Nc5 43. Nxa7 Nxa6 44. Nc6 Nc5 45. g3 Ne4 46. Ne5+ Ke6 47. Kg2 Nf6 48. Nf3 Kd5 49. Ng5 Kd4 50. Ne6+ Ke3 51. Nf8 Ke2 52. Ne6 Kd3 53. Nc5+ Ke3 54. Ne6 Ne4 55. Nf8 Nf6 56. h4 Ke4 57. Ne6 Kd5 58. Ng5 Kd6 59. Nf3 Kd5 60. Ne5 Ke4 61. Nf7 Ke3 62. Ng5 Kd4 63. Kf3 Kd5 64. Nf7 Ke6 65. Ne5 Nd7 66. Nd3 Kd5 67. Nb4+ Kc4 68. Nc2 Kd5 69. Ne3+ Kd4 70. h5 Kc5 71. h6 Kd6 72. g4 Ke6 73. g5 1-0


[Site "https://www.chess.com"]

[Event "Late Titled Tuesday Blitz February 8 2022"]
[White "Wieczorek, Oskar"]
[Black "Prieto Aranguren, Alain"]
[WhiteFideId "1133950"]
[BlackFideId "2268906"]
[WhiteElo "2319"]
[BlackElo "2235"]
[Result "1-0"]
[Round "01"]
[TimeControl "180+1"]
[Date "2022.02.09"]
[WhiteClock "0:01:12"]
[BlackClock "0:00:30"]

1. e4 c6 2. d4 d5 3. Nd2 dxe4 4. Nxe4 Bf5 5. Ng3 Bg6 6. c3 Nf6 7. Nh3 e6 8. Nf4 Bd6 9. h4 Qc7 10. Qf3 Nbd7 11. h5 Bc2 12. h6 g5 13. Nfh5 Nxh5 14. Nxh5 O-O-O 15. Bxg5 Rde8 16. Ng7 e5 17. Nxe8 Rxe8 18. Bc4 exd4+ 19. Kf1 Ne5 20. Qh3+ Kb8 21. Bb3 Bd3+ 22. Kg1 dxc3 23. bxc3 Be2 24. Re1 Bg4 25. Qxg4 Nf3+ 26. gxf3 Rxe1+ 27. Kg2 Re2 28. Rd1 Qb6 29. Bh4 1-0


[Site "https://www.chess.com"]

[Event "Late Titled Tuesday Blitz February 8 2022"]
[White "Wu, Christopher"]
[Black "Ansh M Shah"]
[WhiteFideId "2040875"]
[BlackFideId "25033379"]
[WhiteElo "2652"]
[BlackElo "1819"]
[Result "1-0"]
[Round "01"]
[TimeControl "180+1"]
[Date "2022.02.09"]
[WhiteClock "0:00:41"]
[BlackClock "0:00:02"]

1. d4 Nf6 2. c4 e6 3. Nf3 c5 4. g3 cxd4 5. Nxd4 Nc6 6. Bg2 Bc5 7. Nb5 O-O 8. O-O a6 9. Nd6 Ne8 10. Nxc8 Rxc8 11. Nc3 Nf6 12. Bf4 Re8 13. Rc1 h6 14. b3 Bd4 15. Qd3 Bxc3 16. Qxc3 d5 17. Rfd1 d4 18. Bxc6 dxc3 19. Rxd8 Rexd8 20. Bxb7 Rc5 21. Rxc3 Rd1+ 22. Kg2 Nd5 23. Rc2 Nxf4+ 24. gxf4 a5 25. e3 g5 26. Kf3 Rh1 27. Kg3 Rg1+ 28. Kf3 g4+ 29. Ke2 h5 30. Rd2 h4 31. Rd7 Kg7 32. Be4 Ra1 33. Rd2 a4 34. Rb2 a3 35. Rc2 Rh1 36. b4 1-0


[Site "https://www.chess.com"]

[Event "Late Titled Tuesday Blitz February 8 2022"]
[White "Xiong, Jeffery"]
[Black "Vusatiuk, Vladimir"]
[WhiteFideId "2047640"]
[BlackFideId "14118610"]
[WhiteElo "2727"]
[BlackElo "2157"]
[Result "1-0"]
[Round "01"]
[TimeControl "180+1"]
[Date "2022.02.08"]
[WhiteClock "0:00:19"]
[BlackClock "0:00:03"]

1. d4 Nf6 2. c4 e6 3. Nc3 Bb4 4. a3 Bxc3+ 5. bxc3 O-O 6. f3 d5 7. cxd5 exd5 8. e3 b6 9. Ra2 Re8 10. Bd3 Ba6 11. Bxa6 Nxa6 12. Ne2 c5 13. O-O Qd7 14. g4 h6 15. Nf4 Nc7 16. h4 Ne6 17. Nd3 Qd6 18. Rg2 Nd7 19. g5 hxg5 20. hxg5 g6 21. Qe1 Kg7 22. Nf2 Rh8 23. e4 cxd4 24. cxd4 Nf4 25. Bxf4 Qxf4 26. Nd3 Qh4 27. Qxh4 Rxh4 28. Rh2 Rah8 29. Rxh4 Rxh4 30. Re1 Rh5 31. f4 Rh3 32. Nb4 dxe4 33. Rxe4 Rxa3 34. Nc6 Kf8 35. Re7 Rc3 36. Rxd7 Rxc6 37. Rxa7 Rc4 38. Rd7 Ke8 39. Rd5 Ke7 40. Kf2 Ke6 41. Rd8 Ke7 42. Rd5 Ke6 43. Re5+ Kd6 44. Ke3 Rc3+ 45. Ke4 Rc1 46. Rd5+ Kc6 47. Rd8 Re1+ 48. Kd3 Rf1 49. Ke3 Re1+ 50. Kf2 Rd1 51. Rf8 Rxd4 52. Rxf7 Kd5 53. Rf6 Ke4 54. Kg3 Rd1 55. Re6+ Kf5 56. Re5# 1-0


[Site "https://www.chess.com"]

[Event "Late Titled Tuesday Blitz February 8 2022"]
[White "Yang, Cayden"]
[Black "Rudzinska, Michalina"]
[WhiteFideId "30967260"]
[BlackFideId "1172883"]
[WhiteElo "2618"]
[BlackElo "1904"]
[Result "1-0"]
[Round "01"]
[TimeControl "180+1"]
[Date "2022.02.09"]
[WhiteClock "0:00:32"]
[BlackClock "0:00:10"]

1. e4 a5 2. d4 b6 3. Bd3 g6 4. Nf3 Bg7 5. O-O Bb7 6. Nc3 e6 7. Qe2 Ne7 8. Bf4 d6 9. Rae1 Nd7 10. a4 O-O 11. h4 Nf6 12. Nd2 c5 13. dxc5 bxc5 14. Nc4 e5 15. Bh2 Nc6 16. Nb5 Nd4 17. Qd1 Nxb5 18. axb5 Nh5 19. Kh1 Qf6 20. Qg4 Rad8 21. Ne3 Bc8 22. Qg5 Qxg5 23. hxg5 Nf4 24. Bc4 Be6 25. b3 Bxc4 26. Nxc4 Ne6 27. c3 Nxg5 28. Nxa5 Rb8 29. c4 Ne6 30. Nc6 Ra8 31. b6 Nd8 32. Ne7+ Kh8 33. Ra1 Rxa1 34. Rxa1 Bf6 35. Nd5 Bg5 36. Ra7 Nc6 37. Rc7 Na5 38. Ra7 Nc6 39. Ra6 Kg7 40. b7 Nb8 41. Rxd6 f6 42. Nc7 Bc1 43. Ne6+ Kf7 44. Nxf8 Kxf8 45. Rd8+ 1-0


[Site "https://www.chess.com"]

[Event "Late Titled Tuesday Blitz February 8 2022"]
[White "Yang, Kaiqi"]
[Black "Stanisz, Patryk"]
[WhiteFideId "8604398"]
[BlackFideId "1123106"]
[WhiteElo "2373"]
[BlackElo "1876"]
[Result "1-0"]
[Round "01"]
[TimeControl "180+1"]
[Date "2022.02.09"]
[WhiteClock "0:00:02"]
[BlackClock "0:00:04"]

1. c4 c6 2. d4 d5 3. Nf3 e6 4. g3 Nf6 5. Bg2 Nbd7 6. O-O b6 7. Nc3 Bb7 8. Qc2 Rc8 9. Rd1 Be7 10. e4 dxe4 11. Nxe4 O-O 12. Bf4 Nxe4 13. Qxe4 Nf6 14. Qe2 Re8 15. Ne5 Nd7 16. Nd3 Bf6 17. Qe3 Nf8 18. Ne5 Ng6 19. Nxg6 hxg6 20. h4 Qe7 21. Be5 Red8 22. c5 Bxe5 23. Qxe5 Ba6 24. Rac1 bxc5 25. dxc5 Rxd1+ 26. Rxd1 Bc4 27. Rd6 Bd5 28. b4 Qb7 29. a3 Qa6 30. Bxd5 exd5 31. Qxd5 Qxa3 32. Qc4 Qa1+ 33. Kg2 Re8 34. Rd7 Qf6 35. Rxa7 Re1 36. Qf4 Qe6 37. Ra8+ Kh7 38. Rd8 Qe2 39. Rd2 Qf1+ 40. Kf3 Qh1+ 41. Kg4 f5+ 42. Kg5 Qf1 43. h5 Qh3 44. hxg6+ Kg8 45. Rd8+ Re8 46. Rxe8# 1-0


[Site "https://www.chess.com"]

[Event "Late Titled Tuesday Blitz February 8 2022"]
[White "Yang, Qindong"]
[Black "Holt, Conrad"]
[WhiteFideId "8603758"]
[BlackFideId "2034387"]
[WhiteElo "2101"]
[BlackElo "2586"]
[Result "0-1"]
[Round "01"]
[TimeControl "180+1"]
[Date "2022.02.09"]
[WhiteClock "0:00:03"]
[BlackClock "0:00:10"]

1. d4 d5 2. c4 c6 3. Nf3 Nf6 4. Nc3 dxc4 5. e4 b5 6. Be2 e6 7. a4 b4 8. e5 Nd5 9. Ne4 Ba6 10. Bd2 Qa5 11. Rc1 Nb6 12. O-O Qxa4 13. Qe1 h6 14. Nc5 Bxc5 15. dxc5 Nd5 16. Bxc4 Bxc4 17. Rxc4 Nd7 18. Rg4 g6 19. Rh4 Nxc5 20. Bxb4 Nd3 21. Qd2 N3xb4 22. Rc1 Rd8 23. Rxh6 Rxh6 24. Qxh6 Nd3 25. Rf1 Qf4 26. Qg7 Ke7 27. Ra1 a5 28. h4 Ra8 29. Ra3 Nxb2 30. Rb3 Qc1+ 31. Kh2 Nb4 32. Ng5 Qf4+ 33. g3 Qxf2+ 34. Kh3 N2d3 0-1


[Site "https://www.chess.com"]

[Event "Late Titled Tuesday Blitz February 8 2022"]
[White "Yeletsky, Ivan"]
[Black "Kiolbasa, Oliwia"]
[WhiteFideId "24180327"]
[BlackFideId "1154613"]
[WhiteElo "2348"]
[BlackElo "2190"]
[Result "0-1"]
[Round "01"]
[TimeControl "180+1"]
[Date "2022.02.09"]
[WhiteClock "0:00:03"]
[BlackClock "0:00:16"]

1. e4 e5 2. Nf3 Nc6 3. Bb5 a6 4. Ba4 Nf6 5. O-O Be7 6. d3 b5 7. Bb3 O-O 8. a3 d6 9. Nc3 Na5 10. Ba2 c5 11. Nh4 Be6 12. Nf5 d5 13. Nxe7+ Qxe7 14. exd5 Bd7 15. Bg5 h6 16. Bh4 Bf5 17. Qf3 Bg6 18. Rae1 Rfe8 19. Ne4 Bxe4 20. dxe4 c4 21. Rd1 Nb7 22. c3 Nd6 23. Bb1 Rab8 24. Rfe1 a5 25. h3 Rec8 26. Bc2 Nde8 27. d6 Nxd6 28. Bxf6 gxf6 29. Qh5 Kh7 30. Rd5 Rd8 31. Red1 Ne8 32. Kh2 Ng7 33. Qf3 Ne6 34. g3 Nc7 35. Rd7 Rxd7 36. Qf5+ Kg7 37. Rxd7 Qc5 38. Qg4+ Kf8 39. Qf5 Kg7 40. Bd1 Ne6 41. Bh5 Nd8 42. Kg2 Qc6 43. Ra7 Rb7 44. Rxa5 Rd7 45. Qg4+ Kf8 46. Qf5 Kg7 47. Bg4 Rd2 48. Ra7 Qb6 49. Re7 Qc5 50. Re8 Ne6 51. Bh5 Nf4+ 52. Kf3 Qxf2+ 53. Kg4 Qe2+ 54. Kh4 Ng2# 0-1


[Site "https://www.chess.com"]

[Event "Late Titled Tuesday Blitz February 8 2022"]
[White "Yoo, Christopher Woojin"]
[Black "Suarez Uriel, Adrian"]
[WhiteFideId "30909694"]
[BlackFideId "22230874"]
[WhiteElo "2105"]
[BlackElo "2316"]
[Result "1-0"]
[Round "01"]
[TimeControl "180+1"]
[Date "2022.02.08"]
[WhiteClock "0:01:40"]
[BlackClock "0:01:58"]

1. e4 c5 2. Nf3 Nc6 3. b4 Nxb4 4. c3 Nc6 5. d4 d6 6. d5 Ne5 7. Nxe5 dxe5 8. Qb3 Nf6 9. Be3 b6 10. Nd2 e6 11. Bb5+ Bd7 12. dxe6 Bxb5 13. exf7+ Ke7 14. Qxb5 Kxf7 15. Nf3 Ng4 16. Qc4+ Kg6 17. Qe6+ Nf6 18. Nxe5+ 1-0


[Site "https://www.chess.com"]

[Event "Late Titled Tuesday Blitz February 8 2022"]
[White "Yuan, Qingyu"]
[Black "Ishbaev, Alibek"]
[WhiteFideId "8609772"]
[BlackFideId "14205017"]
[WhiteElo "2359"]
[BlackElo "2380"]
[Result "1-0"]
[Round "01"]
[TimeControl "180+1"]
[Date "2022.02.09"]
[WhiteClock "0:00:05"]
[BlackClock "0:00:14"]

1. Nf3 c5 2. g3 Nc6 3. Bg2 e5 4. c4 g6 5. Nc3 Bg7 6. a3 Nge7 7. O-O O-O 8. d3 d6 9. Rb1 f5 10. Ne1 Be6 11. Bg5 h6 12. Bxe7 Qxe7 13. Nc2 f4 14. b4 Rf7 15. Qd2 Raf8 16. bxc5 dxc5 17. Rb5 Rc8 18. a4 b6 19. Rbb1 Qd7 20. Nd5 Rcf8 21. Ne1 g5 22. Nc2 Bh3 23. Rbe1 Bxg2 24. Kxg2 g4 25. f3 h5 26. Rf2 Bh6 27. Qc3 Nd4 28. Nxd4 exd4 29. Qc2 Rg7 30. Ref1 fxg3 31. hxg3 h4 32. f4 hxg3 33. Kxg3 Qf5 34. Rh1 Qg6 35. Qc1 Rgf7 36. Qf1 Bg7 37. Qg2 Qe6 38. Qe4 Qxe4 39. dxe4 Re8 40. e5 Ref8 41. Kxg4 Re8 42. Rh5 Bxe5 43. Rf3 Rg7+ 44. Rg5 Bd6 45. Nf6+ Kf7 46. Nxe8 Rxg5+ 47. fxg5+ Kxe8 48. g6 Bf8 49. Kg5 Bg7 50. Rf7 a6 51. Rxg7 1-0


[Site "https://www.chess.com"]

[Event "Late Titled Tuesday Blitz February 8 2022"]
[White "Zhigalko, Sergei"]
[Black "Mortazavi, Ali"]
[WhiteFideId "13502956"]
[BlackFideId "401323"]
[WhiteElo "2662"]
[BlackElo "2339"]
[Result "0-1"]
[Round "01"]
[TimeControl "180+1"]
[Date "2022.02.09"]
[WhiteClock "0:00:02"]
[BlackClock "0:00:19"]

1. e4 c6 2. d4 d5 3. e5 Bf5 4. Nf3 e6 5. Be2 Ne7 6. O-O Ng6 7. Ne1 h5 8. Bd3 Bxd3 9. Nxd3 Nh4 10. Nd2 Be7 11. Nb3 Nd7 12. a4 g5 13. a5 g4 14. Be3 Rg8 15. Nf4 Bg5 16. Nxh5 Bxe3 17. fxe3 Qg5 18. Nf4 Rh8 19. Qd2 a6 20. Qf2 O-O-O 21. Nd2 Rdg8 22. g3 Nf5 23. e4 dxe4 24. Nxe4 Qh6 25. Ra3 Kb8 26. Rb3 Ka8 27. c4 Nxd4 28. Rd1 Nf3+ 29. Rxf3 gxf3 30. Kf1 Nxe5 31. h4 Qh7 32. Nf6 Qf5 33. Nxg8 Rxg8 34. Re1 Ng4 35. Qd2 f2 36. Re2 Nh2+ 37. Kxf2 Qg4 38. Ke1 Nf3+ 39. Kd1 Nxd2 0-1


[Site "https://www.chess.com"]

[Event "Late Titled Tuesday Blitz February 8 2022"]
[White "Zhurbinsky, David"]
[Black "Ardila, Oscar Humberto"]
[WhiteFideId "2072904"]
[BlackFideId "4404742"]
[WhiteElo "2588"]
[BlackElo "1898"]
[Result "0-1"]
[Round "01"]
[TimeControl "180+1"]
[Date "2022.02.09"]
[WhiteClock "0:00:05"]
[BlackClock "0:00:17"]

1. e4 e5 2. Nf3 Nf6 3. Nxe5 d6 4. Nf3 Nxe4 5. d4 Be7 6. Bd3 d5 7. O-O Nc6 8. c4 Nb4 9. Nc3 Nxd3 10. Qxd3 Nxc3 11. bxc3 O-O 12. Re1 Bf6 13. Ba3 dxc4 14. Qe2 Be6 15. Bxf8 Qxf8 16. Ne5 Qa3 17. Rac1 c5 18. Nxc4 Qa4 19. d5 Bxd5 20. Nd6 h6 21. Ne8 Bg5 22. Qe5 Rxe8 23. Qxe8+ Qxe8 24. Rxe8+ Kh7 25. Rb1 b6 26. a3 Kg6 27. f3 Ba2 28. Rd1 Be6 29. Kf2 Bf6 30. Rd3 Kf5 31. g4+ Kf4 32. Kg2 h5 33. h3 hxg4 34. hxg4 c4 35. Rd6 Bxc3 36. Rf8 Ke5 37. Rdd8 Bb2 38. Rd2 c3 39. Re2+ Kd4 40. Rd8+ Kc4 41. f4 Bd5+ 42. Kf2 Bb7 43. Re7 Bh1 44. Rc7+ Kb3 45. Rxf7 c2 46. Rc8 Bd4+ 47. Kg3 Bc5 48. Re7 c1=Q 49. Rxg7 Qg1+ 50. Kh4 Qh2+ 51. Kg5 Bf3 52. Kf6 Qxf4+ 53. Kg6 Qxg4+ 54. Kh7 Qxc8 55. a4 Qh3+ 56. Kg8 Bd5+ 57. Rf7 Qf5 58. a5 Qxf7+ 59. Kh8 Bd4# 0-1


[Site "https://www.chess.com"]

[Event "Late Titled Tuesday Blitz February 8 2022"]
[White "Zivkovic, Nemanja"]
[Black "Osiecki, Stanislaw"]
[WhiteFideId "942154"]
[BlackFideId "1102990"]
[WhiteElo "2388"]
[BlackElo "2127"]
[Result "1-0"]
[Round "01"]
[TimeControl "180+1"]
[Date "2022.02.09"]
[WhiteClock "0:00:23"]
[BlackClock "0:00:14"]

1. e4 e6 2. d4 d5 3. Nd2 c5 4. Ngf3 cxd4 5. exd5 exd5 6. Nxd4 Nc6 7. N2f3 Bd6 8. g3 Bg4 9. Bg2 Qe7+ 10. Be3 Nf6 11. O-O O-O 12. Re1 Ne4 13. h3 Bxf3 14. Nxf3 Rad8 15. c3 Qf6 16. Qxd5 Nxg3 17. fxg3 Bxg3 18. Qg5 Bxe1 19. Qxf6 gxf6 20. Rxe1 Ne5 21. Bxa7 Ra8 22. Bd4 Rxa2 23. Nxe5 fxe5 24. Rxe5 h6 25. b4 Ra1+ 26. Kh2 Ra2 27. Kg3 b5 28. Rxb5 Ra3 29. Bd5 Kh7 30. Rb7 Rg8+ 31. Kf4 Rf8 32. Be4+ Kg8 33. b5 Ra1 34. b6 Rf1+ 35. Ke3 Re8 36. Kd3 Rd1+ 37. Kc2 Rxd4 38. cxd4 Rxe4 39. Rb8+ Kg7 40. Rd8 Re7 41. Kd3 f5 42. Rc8 Kf6 43. Rc7 Re8 44. b7 Rb8 45. Kc4 f4 46. Kc5 f3 47. Kb6 f2 48. Rc1 Kf5 49. Rf1 Kg5 50. Rxf2 Kh4 51. Rf3 h5 52. Kc7 Rg8 53. b8=Q Rg5 54. Rf4+ Kxh3 55. Qb3+ Rg3 56. Rf3 h4 57. Rxg3+ hxg3 58. d5 Kh2 59. d6 g2 60. Qc2 Kh1 61. Qxg2+ Kxg2 62. d7 Kh1 63. d8=Q Kg2 64. Qd3 Kh1 65. Kd6 Kg2 66. Ke5 Kh1 67. Kf4 Kg2 68. Qe3 Kh1 69. Qd2 Kg1 70. Kg3 1-0


[Site "https://www.chess.com"]

[Event "Late Titled Tuesday Blitz February 8 2022"]
[White "Al Hosani, Omran"]
[Black "Olcayoz, Alper"]
[WhiteFideId "9308733"]
[BlackFideId "6300405"]
[WhiteElo "2246"]
[BlackElo "2255"]
[Result "1-0"]
[Round "02"]
[TimeControl "180+1"]
[Date "2022.02.09"]
[WhiteClock "0:02:09"]
[BlackClock "0:01:38"]

1. e4 e6 2. d4 d5 3. e5 c5 4. Nf3 Bd7 5. Bd3 a6 6. O-O Bb5 7. Bxb5+ axb5 8. dxc5 Bxc5 9. Nbd2 b4 10. Nb3 b6 11. c3 bxc3 12. bxc3 Ne7 13. Nbd4 O-O 14. Bg5 Qd7 15. Qe2 Nbc6 16. Rfd1 Bxd4 17. cxd4 Nf5 18. g4 Nfe7 19. Re1 Na5 20. h4 Nc4 21. h5 h6 22. Bh4 Ra3 23. Kg2 Nc6 24. Red1 Rfa8 25. g5 hxg5 26. Bxg5 Kh8 27. h6 gxh6 28. Bf6+ Kh7 29. Ng5+ hxg5 30. Qh5+ 1-0


[Site "https://www.chess.com"]

[Event "Late Titled Tuesday Blitz February 8 2022"]
[White "Al-Tarboush, Ward"]
[Black "Seliverstov, Vladimir"]
[WhiteFideId "7601450"]
[BlackFideId "4192036"]
[WhiteElo "2563"]
[BlackElo "2818"]
[Result "0-1"]
[Round "02"]
[TimeControl "180+1"]
[Date "2022.02.09"]
[WhiteClock "0:00:02"]
[BlackClock "0:01:34"]

1. e4 g6 2. d4 Bg7 3. Nf3 d6 4. c3 a6 5. Bd3 Nd7 6. O-O c5 7. Nbd2 Ngf6 8. Re1 e5 9. Nf1 O-O 10. Ne3 exd4 11. cxd4 b5 12. a4 Bb7 13. axb5 axb5 14. Rxa8 Qxa8 15. d5 Re8 16. Bxb5 Rxe4 17. Bd2 Bxd5 18. Nxd5 Qxd5 19. Rxe4 Qxe4 20. Bc3 Qe7 21. h3 d5 22. Qa4 d4 23. Bd2 h6 24. Qa8+ Kh7 25. Qb7 Qe6 26. b3 Qxb3 27. Qa6 Qe6 28. Qc8 Ne5 29. Qxc5 Nxf3+ 30. gxf3 Qxh3 31. Qxd4 Qxf3 32. Qe3 Qg4+ 0-1


[Site "https://www.chess.com"]

[Event "Late Titled Tuesday Blitz February 8 2022"]
[White "Ambartsumova, Karina"]
[Black "Jacobson, Brandon"]
[WhiteFideId "4166299"]
[BlackFideId "30901561"]
[WhiteElo "2262"]
[BlackElo "2362"]
[Result "0-1"]
[Round "02"]
[TimeControl "180+1"]
[Date "2022.02.08"]
[WhiteClock "0:00:14"]
[BlackClock "0:00:09"]

1. d4 Nf6 2. Nf3 d5 3. c4 e6 4. Nc3 Nbd7 5. cxd5 exd5 6. Bg5 c6 7. e3 Be7 8. Bd3 O-O 9. Qc2 Re8 10. O-O Ne4 11. Bf4 Ndf6 12. a3 Bf5 13. b4 a5 14. b5 Rc8 15. Nh4 cxb5 16. Nxf5 Rxc3 17. Qe2 Rxa3 18. Rxa3 Bxa3 19. Bxb5 Nc3 20. Qd3 Nxb5 21. Qxb5 b6 22. Rb1 Qd7 23. Qxd7 Nxd7 24. Rb5 g6 25. Ng3 Ra8 26. Rxd5 Nf6 27. Rb5 a4 28. Rxb6 Nd5 29. Rb1 Nc3 30. Rb8+ Rxb8 31. Bxb8 Bb4 32. d5 a3 33. Be5 a2 34. h4 a1=Q+ 35. Kh2 Qa5 0-1


[Site "https://www.chess.com"]

[Event "Late Titled Tuesday Blitz February 8 2022"]
[White "Ansh M Shah"]
[Black "Song, Guannan Terry"]
[WhiteFideId "25033379"]
[BlackFideId "2614189"]
[WhiteElo "1819"]
[BlackElo "2115"]
[Result "0-1"]
[Round "02"]
[TimeControl "180+1"]
[Date "2022.02.09"]
[WhiteClock "0:00:09"]
[BlackClock "0:01:28"]

1. d4 c5 2. e3 g6 3. Nf3 Bg7 4. Be2 b6 5. O-O Bb7 6. b3 Nf6 7. Bb2 d6 8. c4 cxd4 9. Nxd4 Nbd7 10. Bf3 Qc8 11. Nd2 a6 12. Rc1 Ne5 13. Be2 O-O 14. N2f3 Ne4 15. Nxe5 Bxe5 16. Qc2 Bg7 17. Bf3 Nc5 18. b4 Bxf3 19. bxc5 bxc5 20. Nxf3 Bxb2 21. Qxb2 Rb8 22. Qa3 Qc6 23. h3 Rb4 24. Rc3 Rfb8 25. Rfc1 Ra4 26. Rb3 Rxa3 27. Rxb8+ Kg7 28. Rcb1 Rxa2 29. R1b7 Qe4 30. Re8 Qc2 31. Ne1 Qxf2+ 32. Kh2 Qxe1 33. Rexe7 Rf2 34. e4 Qf1 35. Kg3 Qxg2+ 36. Kh4 Rf4# 0-1


[Site "https://www.chess.com"]

[Event "Late Titled Tuesday Blitz February 8 2022"]
[White "Atanasov, Anthony"]
[Black "Mikhalsky, Vladimir"]
[WhiteFideId "2623897"]
[BlackFideId "14144352"]
[WhiteElo "1928"]
[BlackElo "2248"]
[Result "0-1"]
[Round "02"]
[TimeControl "180+1"]
[Date "2022.02.09"]
[WhiteClock "0:00:30"]
[BlackClock "0:00:52"]

1. d4 Nf6 2. Bf4 g6 3. e3 Bg7 4. Nf3 O-O 5. Be2 c5 6. O-O b6 7. Nbd2 Bb7 8. c3 d6 9. a4 a6 10. Re1 Nc6 11. Bd3 e5 12. dxe5 dxe5 13. Bxe5 Qxd3 14. Bxf6 Bxf6 15. Qb3 b5 16. e4 Na5 17. Qa3 Nc4 18. Qxc5 Nxd2 19. Nxd2 Qxd2 20. Qb6 Bxe4 21. Qxf6 Qxb2 22. h4 h5 23. Kh2 Bf5 24. axb5 axb5 25. Rxa8 Rxa8 26. Qc6 Rc8 27. Re8+ Rxe8 28. Qxe8+ Kg7 29. Qe5+ Kh7 30. Qc7 Be6 31. Qc5 Bc4 32. Qd4 Qe2 33. f4 Qg4 34. Qf6 Bd5 35. Qg5 Qxg5 36. fxg5 Kg8 37. Kg1 f6 38. gxf6 Kf7 39. Kf2 Kxf6 40. g3 Ke5 41. Ke3 Be4 42. Kd2 Kf5 43. Ke3 Bc6 44. Kd4 Kg4 45. Kc5 Be8 0-1


[Site "https://www.chess.com"]

[Event "Late Titled Tuesday Blitz February 8 2022"]
[White "Avazkhonov, Alikhon"]
[Black "Mirzoev, Azer"]
[WhiteFideId "14208504"]
[BlackFideId "13400304"]
[WhiteElo "1739"]
[BlackElo "2525"]
[Result "0-1"]
[Round "02"]
[TimeControl "180+1"]
[Date "2022.02.09"]
[WhiteClock "0:00:01"]
[BlackClock "0:00:13"]

1. f4 c5 2. Nf3 Nc6 3. g3 b5 4. Bg2 Bb7 5. O-O e6 6. e4 c4 7. d4 cxd3 8. cxd3 Nf6 9. Nc3 b4 10. Ne2 Qb6+ 11. Kh1 Be7 12. e5 Nd5 13. d4 O-O 14. g4 a5 15. Ng3 f6 16. Ne4 fxe5 17. fxe5 Nf4 18. Bxf4 Rxf4 19. Qd3 Ba6 20. Qe3 Rxg4 21. Rg1 Rf8 22. Bh3 Rgf4 23. Rg3 Rxf3 24. Rxf3 Rxf3 25. Qxf3 Qxd4 26. Rd1 Qxe5 27. Rxd7 h6 28. Qg4 Bc4 0-1


[Site "https://www.chess.com"]

[Event "Late Titled Tuesday Blitz February 8 2022"]
[White "Baker, Chris W"]
[Black "Chigaev, Maksim"]
[WhiteFideId "401676"]
[BlackFideId "4108116"]
[WhiteElo "2130"]
[BlackElo "2502"]
[Result "0-1"]
[Round "02"]
[TimeControl "180+1"]
[Date "2022.02.09"]
[WhiteClock "0:01:18"]
[BlackClock "0:01:43"]

1. e4 c5 2. b4 cxb4 3. a3 d5 4. exd5 Qxd5 5. Nf3 e6 6. Be2 Nf6 7. O-O Nc6 8. axb4 Bxb4 9. c3 Be7 10. d4 O-O 11. Nbd2 b6 12. Re1 Bb7 13. Bc4 Qd8 14. Ba3 Bxa3 15. Rxa3 Rc8 16. Bd3 Na5 17. Ne5 Qd6 18. Qa1 Rfd8 19. Bf1 h6 20. Ndc4 Nxc4 21. Nxc4 Rxc4 22. Bxc4 Ng4 23. Re5 Nxe5 24. dxe5 Qd1+ 25. Qxd1 Rxd1+ 26. Bf1 Bd5 27. Ra4 b5 0-1


[Site "https://www.chess.com"]

[Event "Late Titled Tuesday Blitz February 8 2022"]
[White "Balaji, Aaravamudhan"]
[Black "Yoo, Christopher Woojin"]
[WhiteFideId "436224"]
[BlackFideId "30909694"]
[WhiteElo "2085"]
[BlackElo "2105"]
[Result "0-1"]
[Round "02"]
[TimeControl "180+1"]
[Date "2022.02.08"]
[WhiteClock "0:01:23"]
[BlackClock "0:01:42"]

1. Nf3 Nf6 2. g3 d5 3. Bg2 e6 4. O-O Be7 5. d3 O-O 6. Nbd2 c5 7. e4 Nc6 8. e5 Nd7 9. Re1 Qc7 10. Qe2 b5 11. Nf1 Bb7 12. Bf4 Rfc8 13. h4 a5 14. h5 h6 15. N1h2 b4 16. Ng4 Bf8 17. Qd2 Kh7 18. Nfh2 Nd4 19. Ne3 a4 20. Nxd5 Bxd5 21. Bxd5 exd5 22. e6 Bd6 23. exd7 Qxd7 24. a3 b3 25. Ng4 Nf3+ 0-1


[Site "https://www.chess.com"]